 Dungeon Crawl Stone Soup version 0.30-a0-1116-gebefce21f7 (webtiles) character file.

Game seed: 10574519143845663269

1458 Arzdou the Grasshopper (level 8, -5/64 HPs)
             Began as a Gnoll Warper on Apr 21, 2023.
             Was an Initiate of Yredelemnul.
             Slain by a sky beast (6 damage)
             ... on level 6 of the Dungeon.
             The game lasted 00:13:29 (5991 turns).

Arzdou the Grasshopper (Gnoll Warper)               Turns: 5991, Time: 00:13:30

Health: -5/64      AC: 10    Str: 10    XL:     8   Next: 76%
Magic:  17/17      EV: 12    Int: 15    God:    Yredelemnul [......]
Gold:   304        SH:  0    Dex: 12    Spells: 9/19 levels left

rFire   . . .      SeeInvis .    a - +0 falchion
rCold   . . .      Faith    .    (no shield)
rNeg    . . .      Spirit   .    p - +0 ring mail
rPois   .          Reflect  .    (no helmet)
rElec   .          Rampage  .    (no cloak)
rCorr   .                        (no gloves)
Will    .....                    (no boots)
Stlth   ++                       (no amulet)
HPRegen 0.30/turn                k - +4 ring of protection
MPRegen 0.15/turn                (no ring)

@: no status effects
A: fangs 1, strong nose, distributed training
a: Renounce Religion, Recall Undead Harvest


You were on level 6 of the Dungeon.
You worshipped Yredelemnul.
Yredelemnul was noncommittal.
You visited 2 branches of the dungeon, and saw 7 of its levels.

You collected 304 gold pieces.

Inventory:

Hand Weapons
 a - a +0 falchion (weapon)
 b - a +0 sling
 h - a +2 dagger of venom
Missiles
 d - 6 boomerangs of dispersal
 t - a throwing net
 u - 13 boomerangs
Armour
 p - a +0 ring mail (worn)
 C - a +0 leather armour
Jewellery
 j - a ring of fire
 k - a +4 ring of protection (left hand)
Wands
 y - a wand of iceblast (2)
Scrolls
 c - 2 scrolls of blinking
 e - 4 scrolls of fear {unknown}
 f - 4 scrolls of teleportation {unknown}
 g - 10 scrolls of identify {unknown}
 n - 2 scrolls of fog {unknown}
 s - a scroll of noise {unknown}
 v - a scroll of vulnerability {unknown}
 A - 3 scrolls of amnesia {unknown}
 D - a scroll of brand weapon {unknown}
 E - a scroll of enchant weapon {unknown}
Potions
 i - 2 potions of mutation {unknown}
 l - a potion of attraction {unknown}
 m - 2 potions of brilliance {unknown}
 o - a potion of curing {unknown}
 q - a potion of ambrosia {unknown}
 r - 5 potions of heal wounds {unknown}
 w - 4 potions of might {unknown}
 x - a potion of lignification {unknown}
 z - 2 potions of cancellation {unknown}
 B - a potion of berserk rage {unknown}


   Skills:
 + Level 5.9 Fighting
 + Level 3.7 Short Blades
 + Level 5.9 Long Blades
 + Level 3.7 Axes
 + Level 3.7 Maces & Flails
 + Level 3.7 Polearms
 + Level 3.7 Staves
 + Level 3.7 Ranged Weapons
 + Level 4.5 Throwing
 + Level 4.5 Armour
 + Level 5.9 Dodging
 + Level 3.7 Stealth
 + Level 3.7 Shields
 + Level 3.7 Unarmed Combat
 + Level 6.3 Spellcasting
 + Level 3.0 Conjurations
 + Level 3.0 Hexes
 + Level 3.0 Summonings
 + Level 3.0 Necromancy
 + Level 6.3 Translocations
 + Level 3.0 Transmutations
 + Level 3.0 Fire Magic
 + Level 3.0 Ice Magic
 + Level 3.0 Air Magic
 + Level 3.0 Earth Magic
 + Level 3.0 Poison Magic
 + Level 4.0 Invocations
 + Level 3.7 Evocations


You had 9 spell levels left.
You knew the following spells:

 Your Spells              Type           Power      Damage    Failure   Level
a - Blink                 Tloc           46%        N/A       3%          2
b - Lesser Beckoning      Tloc           46%        N/A       3%          2
c - Teleport Other        Tloc           23%        N/A       8%          3
d - Vhi's Electric Charg  Tloc/Air       36%        N/A       14%         3

Your spell library contained the following spells:

 Spells                   Type           Power      Damage    Failure   Level
 Manifold Assault         Tloc           23%        N/A       26%         4
 Frozen Ramparts          Ice            26%        1d4       28%         3
 Hailstorm                Conj/Ice       13%        3d5       28%         3
 Ice Form                 Ice/Tmut       13%        N/A       67%         4
 Summon Ice Beast         Ice/Summ       13%        N/A       67%         4
 Simulacrum               Ice/Necr       Unusable   N/A       N/A         6

Dungeon Overview and Level Annotations

Branches:
Dungeon (6/15)             Temple (1/1) D:4

Altars:
Ashenzari
Dithmenos
Elyvilon
Fedhas
Gozag
Hepliaklqana
Kikubaaqudgha
Makhleb
Nemelex Xobeh
Okawaru
Qazlal
Ru
Sif Muna
Trog
Uskayaw
Vehumet
Wu Jian
Xom
Yredelemnul
Zin

Shops:
D:5 :

Annotations:
D:2 1 runed translucent door, Crazy Yiuf


Innate Abilities, Weirdness & Mutations

You have very sharp teeth.
Your uncanny sense of smell can sniff out nearby items.
Your experience applies equally to all skills.


Message History

You hit the white imp. Your bite misses the white imp.
The white imp is lightly wounded.
Your goblin zombie hits the white imp but does no damage.
Something barely misses you. The white imp hits you.
* * * LOW HITPOINT WARNING * * *
The white imp freezes you.
* * * LOW HITPOINT WARNING * * *
You hit the white imp.
You bite the white imp, but do no damage.
The white imp is heavily wounded.
Your goblin zombie closely misses the white imp.
Something hits you but does no damage. The white imp barely misses you.
You closely miss the white imp.
The white imp is heavily wounded.
Your goblin zombie completely misses the white imp.
Your goblin zombie hits the white imp but does no damage.
The white imp barely misses you. Something hits you.
* * * LOW HITPOINT WARNING * * *
Something shocks you.
* * * LOW HITPOINT WARNING * * *
You hit the white imp.
The white imp is heavily wounded.
Your goblin zombie barely misses the white imp. x2
The white imp misses you. Something hits you but does no damage.
You hit the white imp. You bite the white imp.
The white imp is severely wounded.
Your goblin zombie closely misses the white imp.
Something hits you but does no damage. The white imp gestures at you.
The puff of frost hits you.
* * * LOW HITPOINT WARNING * * *
Your goblin zombie closely misses the white imp.
You barely miss the white imp.
The white imp is severely wounded.
Your goblin zombie barely misses the white imp.
Something hits you.
* * * LOW HITPOINT WARNING * * *
Something shocks you.
You die...
Your body rises from the dead as a mindless zombie.

###.{.# ....####.##..##.. ##g.##
.....##.###..... ##..# .....##.#
##.... #..# #....##.####.##.
#..#### #....##.#....... ##....#
#...# #.##..ZZ..
#####.##.####>.####.##.###Z#
######........#)Z...##..Z.Z.###Z#
.....#.........{@5.....#.#####Z.#
..............[.Z.#.####Z#..ZZ.##
.....#Y.......[####.## #..Z######
####<......#.........###..####...
#####.####..........#.........
#.......#####.......#.....
###....................... ∆
....##..###..............
########.# ######(##......


You could see a white imp (ally target) and 2 friendly goblin zombies.

Vanquished Creatures
  The ghost of Martiln the Cudgeller, an amateur GnCA of Ignis (D:5)
  2 ogres
  2 phantoms (D:5)
  2 scorpions (D:6)
  2 electric eels (D:6)
  2 hounds
  An orc priest (D:3)
  A jelly (D:5)
  3 orc wizards (D:5)
  A sleepcap (D:5)
  An iguana (D:5)
  6 adders
  A worm (D:2)
  4 dart slugs
  5 orcs
  4 endoplasms
  4 giant cockroaches
  19 goblins
  14 hobgoblins
  4 jackals (D:1)
  5 quokkas
  A ball python (D:3)
  A frilled lizard (D:3)
  6 kobolds
  3 rats
95 creatures vanquished.

Vanquished Creatures (collateral kills)
  2 ogres (D:5)
  A phantom (D:5)
  2 hounds (D:5)
  An orc priest (D:5)
  An iguana (D:5)
  A dart slug (D:5)
8 creatures vanquished.

Vanquished Creatures (others)
  An ogre zombie (D:5)
  A hound zombie (D:5)
  A spectral electric eel (D:6)
  An iguana zombie (D:5)
  A jelly zombie (D:5)
  An orc (D:6)
  5 goblin zombies (D:6)
  A hobgoblin zombie (D:6)
  An orc zombie (D:6)
13 creatures vanquished.

Grand Total: 116 creatures vanquished

Notes
Turn   | Place    | Note
-------+----------+-------------------------------------------
     0 | D:1      | Arzdou the Gnoll Warper began the quest for the Orb.
     0 | D:1      | Reached XP level 1. HP: 20/20 MP: 6/6
    49 | D:1      | Reached XP level 2. HP: 26/26 MP: 7/7
   246 | D:1      | Reached skill level 5 in Spellcasting
   246 | D:1      | Reached XP level 3. HP: 25/31 MP: 7/9
   537 | D:1      | Reached skill level 1 in Invocations
   723 | D:1      | Learned a level 2 spell: Blink
   726 | D:1      | Learned a level 2 spell: Lesser Beckoning
   730 | D:1      | Learned a level 3 spell: Teleport Other
   734 | D:1      | Learned a level 3 spell: Vhi's Electric Charge
   803 | D:2      | Reached skill level 1 in Short Blades
   803 | D:2      | Reached skill level 1 in Axes
   803 | D:2      | Reached skill level 1 in Maces & Flails
   803 | D:2      | Reached skill level 1 in Polearms
   803 | D:2      | Reached skill level 1 in Staves
   803 | D:2      | Reached skill level 1 in Ranged Weapons
   803 | D:2      | Reached skill level 1 in Stealth
   803 | D:2      | Reached skill level 1 in Shields
   803 | D:2      | Reached skill level 1 in Unarmed Combat
   803 | D:2      | Reached skill level 1 in Evocations
  1003 | D:2      | Reached XP level 4. HP: 27/38 MP: 11/11
  1088 | D:2      | Found a runed translucent door.
  1089 | D:2      | Noticed Crazy Yiuf
  1123 | D:2      | You fall into a shaft and drop 2 floors!
  1441 | D:3      | Reached skill level 1 in Conjurations
  1441 | D:3      | Reached skill level 1 in Hexes
  1441 | D:3      | Reached skill level 1 in Summonings
  1441 | D:3      | Reached skill level 1 in Necromancy
  1441 | D:3      | Reached skill level 1 in Transmutations
  1441 | D:3      | Reached skill level 1 in Fire Magic
  1441 | D:3      | Reached skill level 1 in Ice Magic
  1441 | D:3      | Reached skill level 1 in Air Magic
  1441 | D:3      | Reached skill level 1 in Earth Magic
  1441 | D:3      | Reached skill level 1 in Poison Magic
  1559 | D:3      | Reached XP level 5. HP: 23/43 MP: 12/12
  2472 | D:4      | Noticed a steam dragon
  2664 | D:4      | Found a bloodstained altar of Trog.
  2798 | D:4      | Found a staircase to the Ecumenical Temple.
  2800 | D:4      | Found a faded altar of an unknown god.
  2823 | Temple   | Entered the Ecumenical Temple
  2864 | Temple   | Became a worshipper of Yredelemnul the Dark
  2929 | D:5      | Entered Level 5 of the Dungeon
  3087 | D:5      | Reached XP level 6. HP: 24/50 MP: 14/14
  3182 | D:5      | Found a runed translucent door.
  3187 | D:5      | Reached * piety under Yredelemnul
  3188 | D:5      | Reached skill level 5 in Fighting
  3188 | D:5      | Reached skill level 5 in Long Blades
  3188 | D:5      | Reached skill level 5 in Dodging
  3220 | D:5      | Reached ** piety under Yredelemnul
  3443 | D:5      | Found Otix Ywo's Self-Improvement Boutique.
  3547 | D:5      | Reached XP level 7. HP: 35/56 MP: 7/15
  3853 | D:5      | Found a blossoming altar of Fedhas.
  3945 | D:5      | Found a glowing silver altar of Zin.
  3951 | D:5      | Found a stormy altar of Qazlal.
  3956 | D:5      | Found a sparkling altar of Nemelex Xobeh.
  4105 | D:5      | Noticed Martiln's ghost (amateur GnCA)
  4124 | D:5      | Killed Martiln's ghost
  4125 | D:5      | Reached XP level 8. HP: 25/63 MP: 16/16
  5990 | D:6      | HP: 2/64 [white imp/puff of frost (6)]
  5991 | D:6      | Slain by a sky beast

Illustrated notes

Levels and vault maps discovered:
D:1:      dpeg_arrival_rooms_with_view, layout_rooms
D:2:      layout_rooms, uniq_crazy_yiuf_cottage, uniq_jessica
D:3:      layout_rooms, minmay_misc_feat_rugged, grunt_ministairs_5,
          nicolae_half_adder
D:4:      layout_rooms, trog_book, nicolae_temple_entry_ecumenical, minivault_11
D:5:      layout_basic, fedhas_altar_1, minmay_overflow_temple_star_quad,
          ebering_ghost_reflecting_pool, nicolae_shop_self_help
D:6:      minmay_goblin_kobold_castle, layout_rooms, enter_ossuary_2
Temple:   nicolae_temple_no_exploring_needed

Skill      XL: |  1  2  3  4  5  6  7  8 |
---------------+-------------------------+-----
Spellcasting   | 5 6 |  6.3
Invocations    | 1 2 3 4 |  4.0
Short Blades   | 1 2 3 |  3.7
Axes           | 1 2 3 |  3.7
Maces & Flails | 1 2 3 |  3.7
Polearms       | 1 2 3 |  3.7
Staves         | 1 2 3 |  3.7
Ranged Weapons | 1 2 3 |  3.7
Stealth        | 1 2 3 |  3.7
Shields        | 1 2 3 |  3.7
Unarmed Combat | 1 2 3 |  3.7
Evocations     | 1 2 3 |  3.7
Conjurations   | 1 2 3 |  3.0
Hexes          | 1 2 3 |  3.0
Summonings     | 1 2 3 |  3.0
Necromancy     | 1 2 3 |  3.0
Transmutations | 1 2 3 |  3.0
Fire Magic     | 1 2 3 |  3.0
Ice Magic      | 1 2 3 |  3.0
Air Magic      | 1 2 3 |  3.0
Earth Magic    | 1 2 3 |  3.0
Poison Magic   | 1 2 3 |  3.0
Throwing       | 3 4 |  4.5
Armour         | 3 4 |  4.5
Fighting       | 5 |  5.9
Long Blades    | 5 |  5.9
Dodging        | 5 |  5.9
Translocations | 6 |  6.3

Action                     |  1- 3 |  4- 6 |  7- 9 || total
---------------------------+-------+-------+-------++-------
  Melee: Falchion          |   116 |   188 |   167 ||   471
         Bite              |    11 |    16 |    20 ||    47
         Punch             |     1 |     2 |     1 ||     4
   Fire: Sling             |       |       |    26 ||    26
  Throw: Boomerang         |     1 |       |       ||     1
   Cast: Blink             |     1 |     2 |     1 ||     4
         Lesser Beckoning  |       |     2 |       ||     2
         Teleport Other    |       |     4 |     5 ||     9
 Invoke: Recall Undead Har |       |       |     1 ||     1
  Evoke: Wand              |       |       |     4 ||     4
   Stab: Distracted        |       |     1 |     1 ||     2
 Armour: Leather armour    |    41 |     3 |       ||    44
         Ring mail         |       |    81 |    73 ||   154
  Dodge: Dodged            |    64 |   110 |   132 ||   306

Table legend: (Time is in decaauts)
 A = Elapsed time spent in this place.
 B = Non-inter-level travel time spent in this place.
 C = Inter-level travel time spent in this place.
 D = Time resting spent in this place.
 E = Time spent auto-exploring this place.
 F = Levels seen in this place.
 G = Mean time per level.
                   A        B        C        D        E       F      G
               +--------+--------+--------+--------+--------+-----+--------+
         Total |   6028 |   5778 |    250 |   1049 |   3389 |   7 |  861.1 |
       Dungeon |   5979 |   5735 |    244 |   1049 |   3389 |   6 |  996.5 |
        Temple |     48 |     42 |      6 |      0 |      0 |   1 |   48.0 |
               +--------+--------+--------+--------+--------+-----+--------+

Top non-repeatable levels by time:
     D:5: 2319 daAuts
     D:3: 1011 daAuts
     D:4: 821 daAuts
     D:1: 803 daAuts
     D:6: 695 daAuts
     D:2: 328 daAuts
  Temple: 48 daAuts
